 Dungeon Crawl Stone Soup version 0.31-a0-870-g10ed682358 (webtiles) character file.

Game seed: 16412896816668612185

35 BinkBink the Ducker (level 3, 0/19 HPs)
             Began as a Spriggan Fighter on Oct 12, 2023.
             Slain by a gnoll
             ... wielding a +0 flail
              (14 damage)
             ... on level 2 of the Dungeon.
             The game lasted 00:01:22 (965 turns).

BinkBink the Ducker (Spriggan Fighter)               Turns: 965, Time: 00:01:25

Health: 0/19       AC:  2    Str: 12    XL:     3   Next: 17%
Magic:  4/4        EV: 18    Int:  9    God:
Gold:   70         SH:  5    Dex: 16    Spells: 2/2 levels left

rFire   . . .        a - +0 rapier
rCold   . . .        c - +0 buckler
rNeg    . . .        b - +0 robe
rPois   .            (helmet restricted)
rElec   .            (no cloak)
rCorr   .            (gloves unavailable)
SInv    +            (boots unavailable)
Will    .....        (no amulet)
Stlth   +            (no ring)
HPRegen 0.23/turn    (no ring)
MPRegen 0.09/turn

%: no passive effects
@: very quick
A: very small, no large weapons, unfitting armour, see invisible, speed 3
a: no special abilities


You were on level 2 of the Dungeon.
You visited 1 branch of the dungeon, and saw 2 of its levels.

You collected 70 gold pieces.

Inventory:

Hand Weapons
 a - a +0 rapier (weapon)
Armour
 b - a +0 robe (worn)
 c - a +0 buckler (worn)
Jewellery
 g - a ring of wizardry
 h - a ring of flight
Scrolls
 f - a scroll of teleportation {unknown}
 i - a scroll of amnesia {unknown}
 j - a scroll of identify {unknown}
 k - a scroll of summoning {unknown}
Potions
 d - a potion of might
 e - a potion of attraction {unknown}
 l - a potion of cancellation {unknown}


   Skills:
 - Level 2.4 Fighting
 * Level 3.2 Short Blades
 + Level 4.4 Dodging
 + Level 2.5 Shields


You had 2 spell levels left.
You didn't know any spells.
Your spell library was empty.

Dungeon Overview and Level Annotations

Branches:
Dungeon (2/15)

Altars:


Innate Abilities, Weirdness & Mutations

You are very small and have problems with some larger weapons.
You are too small for most types of armour.
You have supernaturally acute eyesight. (SInv)
You cover ground extremely quickly. (Speed+++)


Message History

l - a lumpy yellow potion You see here a +0 war axe.
Found 4 stones.
No target in view!
No target in view!
No target in view!
No target in view!
Found 4 stones.
Found a stone staircase leading up.
An endoplasm comes into view.
An endoplasm is nearby! 3 gnolls come into view.
A gnoll is wielding a +1 flail of protection.
The gnoll shouts! x3
The gnoll moves out of view. x2
A gnoll comes into view. It is wielding a +0 flail.
A dart slug comes into view.
The endoplasm quivers.
The gnoll shouts!
You block the endoplasm's attack.
The dart slug briefly extends its eye-stalks.
You hit the endoplasm.
You kill the endoplasm!
The dart slug launches a dart at you. The slug dart hits you.
You block the gnoll's attack.
You puncture the gnoll!
The gnoll is heavily wounded.
The gnoll misses you. The gnoll barely misses you.
The gnoll closely misses you.
You closely miss the gnoll.
The gnoll is heavily wounded.
The gnoll completely misses you. The gnoll barely misses you.
The gnoll misses you. The gnoll closely misses you.
You hit the gnoll but do no damage.
The gnoll is heavily wounded.
You block the dart slug's attack. The gnoll closely misses you.
The gnoll hits you from afar with a +0 spear.
The gnoll hits you with a +0 flail!
Ouch! That really hurt!
You die...

.. ###.# #..#.
#.# #...# #..#
#.. #.###
#.##.# #....#
##..##
######..##
.........###.##
######..@w....#
#..ggg...#
#...g....#
#........#
#........#
#........#
##########


You could see 4 gnolls and a dart slug.

Vanquished Creatures
  A dart slug (D:1)
  4 ball pythons (D:1)
  3 endoplasms
  A giant cockroach (D:1)
  4 goblins
  A hobgoblin (D:1)
  4 jackals (D:1)
  3 kobolds
  3 bats
  3 frilled lizards (D:1)
  4 rats (D:1)
31 creatures vanquished.

Notes
Turn   | Place    | Note
-------+----------+-------------------------------------------
     0 | D:1      | BinkBink the Spriggan Fighter began the quest for the Orb.
     0 | D:1      | Reached XP level 1. HP: 11/11 MP: 2/2
   287 | D:1      | Reached XP level 2. HP: 16/16 MP: 3/3
   696 | D:1      | Reached XP level 3. HP: 19/19 MP: 4/4
   965 | D:2      | Slain by a gnoll

Illustrated notes

Levels and vault maps discovered:
D:1:      minmay_arrival_shoal_huts, layout_basic,
          amcnicky_mini_rare_corridor_liquid
D:2:      layout_rooms, minmay_pentomino_q4

Skill      XL: |  1  2 |
---------------+-------+-----
Short Blades   | 3 |  3.2
Fighting       | |  2.4
Dodging        | |  4.4
Shields        | |  2.5

Action                     || total
---------------------------++-------
  Melee: Rapier            ||    96
   Stab: Sleeping          ||     3
 Armour: Robe              ||    29
  Dodge: Dodged            ||    77
  Block: Buckler           ||    18

Table legend: (Time is in decaauts)
 A = Elapsed time spent in this place.
 B = Non-inter-level travel time spent in this place.
 C = Inter-level travel time spent in this place.
 D = Time resting spent in this place.
 E = Time spent auto-exploring this place.
 F = Levels seen in this place.
 G = Mean time per level.
                   A        B        C        D        E       F      G
               +--------+--------+--------+--------+--------+-----+--------+
         Total |    683 |    677 |      6 |      0 |    482 |   2 |  341.5 |
       Dungeon |    683 |    677 |      6 |      0 |    482 |   2 |  341.5 |
               +--------+--------+--------+--------+--------+-----+--------+

Top non-repeatable levels by time:
     D:1: 621 daAuts
     D:2: 61 daAuts
